 Seeded DCSS version 0.30.0-30-g96aa6591b8 (webtiles) character file.

Game seed: 5262528099854255737 (custom seed)

2 CInkIbrahim the Slasher (level 1, 3/11 HPs)
             Began as a Vine Stalker Gladiator on June 28, 2023.
             Quit the game on level 1 of the Dungeon.
             The game lasted 00:00:09 (93 turns).

CInkIbrahim the Slasher (Vine Stalker Gladiator)      Turns: 93, Time: 00:00:10

Health: 3/11       AC:  4    Str: 16    XL:     1   Next: 40%
Magic:  1/2        EV: 12    Int:  8    God:
Gold:   34         SH:  0    Dex: 15    Spells: 0/0 levels left

rFire   . . .        a - +0 long sword
rCold   . . .        (no shield)
rNeg    . . .        b - +0 leather armour
rPois   .            c - +0 helmet
rElec   .            (no cloak)
rCorr   .            (no gloves)
SInv    .            (no boots)
Will    .....        (no amulet)
Stlth   +            (no ring)
HPRegen 0.21/turn    (no ring)
MPRegen 0.08/turn

%: guardian spirit
@: no status effects
A: fangs 2, magic shield, antimagic bite, no potion heal 2
a: no special abilities


You were on level 1 of the Dungeon.
You visited 1 branch of the dungeon, and saw 1 of its levels.

You collected 34 gold pieces.

Inventory:

Hand Weapons
 a - a +0 long sword (weapon)
Missiles
 d - 3 throwing nets (quivered)
 e - a javelin
Armour
 b - a +0 leather armour (worn)
 c - a +0 helmet (worn)
Potions
 f - a potion of haste {unknown}


   Skills:
 - Level 1.7 Fighting
 + Level 2.9 Long Blades
 - Level 1.7 Throwing
 - Level 2.4 Dodging


You couldn't memorise any spells.
You didn't know any spells.
Your spell library was empty.

Dungeon Overview and Level Annotations

Branches:
Dungeon (1/15)

Altars:


Innate Abilities, Weirdness & Mutations

You have extremely sharp teeth.
When hurt, damage is shared between your health and your magic reserves.
Your bite disrupts and absorbs the magic of your enemies.
Potions cannot restore your health.


Message History

Found 14 gold pieces.
The jackal barks!
A rat comes into view.
A goblin comes into view. It is wielding a +0 dagger.
There are monsters nearby!
A goblin comes into view. It is wielding a +0 club.
The goblin shouts! x2
A jackal comes into view.
There are monsters nearby!
Found 18 gold pieces.
The endoplasm barely misses you.
There are monsters nearby!
The jackal barks!
You slash the endoplasm!
You kill the endoplasm!
A bat comes into view.
The jackal bites you.
The jackal bites you but does no damage.
There are monsters nearby!
You barely miss the goblin. Your bite misses the goblin.
The jackal barely misses you. The goblin closely misses you.
The dart slug barely misses you. The jackal barely misses you.
There are monsters nearby!
You hit the bat but do no damage. Your bite misses the bat. The bat misses you.
The goblin barely misses you. The jackal closely misses you.
The bat closely misses you. The dart slug closely misses you.
The goblin hits you with a +0 dagger. The jackal closely misses you.
There are monsters nearby!
You barely miss the bat. Your bite misses the bat.
The bat hits you but does no damage. The bat completely misses you.
The jackal bites you.
* * * LOW HITPOINT WARNING * * *
The dart slug bites you but does no damage.
The bat hits you but does no damage.
There are monsters nearby!
You are too injured to fight recklessly!
There are monsters nearby!
You are too injured to fight recklessly!
There are monsters nearby!
You are too injured to fight recklessly!
Are you sure you want to abandon this character and quit the game? (Confirm with "yes".)

..# #.# ####.#
#...$# ###.##.# .
#....#.# . #
#######.....####....
#
#..........g@wrg....
#
#.######...b.hh.....
# #.#
#......~g...~... #
#.# #...#...........
###
#.#....##....~~....$
..# #.#.##.
.....~~..... #.###.#
####...........
#.....# ...~....~...
#######


You could see a dart slug, 2 jackals, 3 goblins, a bat and a rat.

Vanquished Creatures
  An endoplasm (D:1)
  A giant cockroach (D:1)
2 creatures vanquished.

Notes
Turn   | Place    | Note
-------+----------+-------------------------------------------
     0 | D:1      | CInkIbrahim the Vine Stalker Gladiator began the quest for
                  | the Orb.
     0 | D:1      | Reached XP level 1. HP: 11/11 MP: 2/2
    93 | D:1      | Quit the game

Illustrated notes

Levels and vault maps discovered:
D:1:      scummos_arrival_simple_crosswalls, layout_basic, serial_shops, shop,
          skrybe_limestone_x

Action                     || total
---------------------------++-------
  Melee: Long sword        ||     5
         Bite              ||     1
 Armour: Leather armour    ||     4
  Dodge: Dodged            ||    12
